 Dungeon Crawl Stone Soup version 0.22-a0-570-g58866f5 (webtiles) character file.

1376 Hebeh the Chopper (level 8, -9/70 HPs)
             Began as a Minotaur Fighter on June 30, 2018.
             Was a Follower of Trog.
             Mangled by an orc warrior
             ... wielding a +0 dire flail
              (12 damage)
             ... on level 9 of the Dungeon.
             The game lasted 00:11:53 (4101 turns).

Hebeh the Chopper (Minotaur Fighter)                Turns: 4101, Time: 00:11:54

Health: -9/70      AC: 11    Str: 22    XL:     8   Next: 39%
Magic:  7/7        EV:  6    Int:  5    God:    Trog [*.....]
Gold:   312        SH: 15    Dex: 11    Spells: 7/7 levels left

rFire    + . .     SeeInvis .   a - +0 war axe
rCold    + . .     Gourm    .   c - +0 shield
rNeg     . . .     Faith    .   p - +1 chain mail {rC+}
rPois    .         Spirit   .   (helmet restricted)
rElec    .         Reflect  +   (no cloak)
rCorr    +         Harm     .   (no gloves)
MR       .....                  (no boots)
Stlth    ..........             o - +5 amulet of reflection
HPRegen  0.21/turn              h - ring of resist corrosion
MPRegen  0.10/turn              j - ring of protection from fire

@: about to teleport
A: retaliatory headbutt, horns 2
a: Berserk, Renounce Religion


You were on level 9 of the Dungeon.
You worshipped Trog.
Trog was aware of your devotion.
You were hungry.

You visited 2 branches of the dungeon, and saw 8 of its levels.

You collected 312 gold pieces.

Inventory:

Hand Weapons
 a - a +0 war axe (weapon)
 g - a +0 whip of freezing
 t - the cursed +1 dagger of the Revolution {drain, *Slow rElec Dex+5 SInv, unknown}
   (You found it on level 4 of the Dungeon)

   A truly terrible weapon, it drains the life of those it strikes.
   It affects your dexterity (+5).
   It insulates you from electricity.
   It lets you see invisible.
   It may slow you when you take damage.
   It has a curse placed upon it.
Missiles
 q - 3 silver tomahawks (quivered)
Armour
 b - a +0 scale mail
 c - a +0 shield (worn)
 m - a +0 plate armour
 p - a +1 chain mail of cold resistance (worn)
Jewellery
 h - a ring of resist corrosion (left hand)
 j - a ring of protection from fire (right hand)
 o - a +5 amulet of reflection (around neck)
 C - a cursed ring of teleportation {unknown}
Wands
 v - a wand of flame (23)
 w - a wand of acid (10)
 B - a wand of enslavement (13)
Scrolls
 e - 11 scrolls of identify {unknown}
 i - 2 scrolls of enchant weapon {unknown}
 k - a scroll of noise {unknown}
 r - 2 scrolls of remove curse
 u - a scroll of blinking {unknown}
 x - a scroll of fog {unknown}
 y - a scroll of teleportation
Potions
 d - 3 potions of might
 l - 2 potions of heal wounds {unknown}
 n - 4 potions of brilliance {unknown}
 s - a potion of lignification {unknown}
 z - a potion of curing {unknown}
 A - a potion of cancellation {unknown}
Comestibles
 f - 11 rations


   Skills:
 + Level 6.2 Fighting
 * Level 7.6 Axes
 + Level 3.8 Throwing
 + Level 6.1 Armour
 + Level 6.1 Shields


You had 7 spell levels left.
You didn't know any spells.
Your spell library was empty.

Dungeon Overview and Level Annotations

Branches:
Dungeon (6/15)             Temple (1/1) D:5

Altars:
Dithmenos
Makhleb
Nemelex Xobeh
Okawaru
Qazlal
Ru
Sif Muna
Trog
Uskayaw
Xom
Yredelemnul
Zin


Innate Abilities, Weirdness & Mutations

You reflexively headbutt those who attack you in melee.
You have a pair of horns on your head.


Message History

The orc warrior hits you with a dire flail!
You barely miss the orc warrior.
The orc warrior hits you with a dire flail!
You hit the orc warrior but do no damage.
You block the orc warrior's attack.
You barely miss the orc warrior.
The orc warrior hits you with a dire flail!
You closely miss the orc warrior. You block the orc warrior's attack.
You hit the orc warrior but do no damage.
Your headbutt misses the orc warrior.
The orc warrior hits you with a dire flail!
* * * LOW HITPOINT WARNING * * *
As you read the scroll labeled JAMIUF BICKE, it crumbles to dust.
You feel blessed for a moment.
It was a scroll of remove curse.
As you read the scroll labeled VYWIGR KATEILEEH, it crumbles to dust.
You feel strangely unstable.
It was a scroll of teleportation.
The orc warrior hits you with a dire flail!
* * * LOW HITPOINT WARNING * * *
The orc warrior hits you with a dire flail!
You die...

#.# ...#. #####.#
..... # .....###...#
##. .........# #...
#.......# .....
#.....#
......####o....#
......oo.oo@...## #
......####...#..##.#
..... ##..#....#
.... #.....### ...
########....#### ..
...............# #
.........##..###
####....## .##
#....# .##


You could see an orc warrior and 4 orcs.

Vanquished Creatures
  The ghost of Hebeh the Cleaver, a novice MiFi of Trog (D:5)
  A wyvern (D:9)
  A sky beast (D:6)
  A howler monkey (D:4)
  A crimson imp (D:6)
  A hound (D:4)
  3 orc priests (D:6)
  2 bullfrog skeletons
  An iguana (D:6)
  4 orc wizards
  5 worker ants
  A hound zombie (D:5)
  A hound skeleton (D:6)
  4 adders
  A shadow imp (D:6)
  An ooze (D:5)
  2 adder skeletons
  An adder zombie (D:6)
  A worm (D:2)
  2 dart slugs
  2 leopard geckos
  11 orcs
  4 ball pythons
  6 giant cockroaches
  10 goblins
  8 hobgoblins
  7 jackals
  4 quokkas
  3 bats
  6 frilled lizards
  A jackal zombie (D:4)
  5 kobolds
  A quokka skeleton (D:4)
  A quokka zombie (D:6)
  11 rats
115 creatures vanquished.

Notes
Turn   | Place    | Note
-------+----------+-------------------------------------------
     0 | D:1      | Hebeh the Minotaur Fighter began the quest for the Orb.
     0 | D:1      | Reached XP level 1. HP: 19/19 MP: 0/0
   100 | D:1      | Reached XP level 2. HP: 27/27 MP: 1/1
   187 | D:1      | Reached skill level 3 in Axes
   418 | D:1      | Reached XP level 3. HP: 33/33 MP: 2/2
   840 | D:2      | Reached skill level 1 in Throwing
   981 | D:2      | Reached XP level 4. HP: 40/40 MP: 3/3
  1014 | D:2      | Found a hide-covered altar of Uskayaw.
  1158 | D:2      | Found a deep blue altar of Sif Muna.
  1369 | D:3      | Reached skill level 4 in Axes
  2028 | D:4      | Reached XP level 5. HP: 40/47 MP: 4/4
  2208 | D:4      | Reached XP level 6. HP: 52/53 MP: 5/5
  2279 | D:4      | Got an ancient dagger
  2308 | D:4      | Reached skill level 5 in Axes
  2639 | D:5      | Entered Level 5 of the Dungeon
  2710 | D:5      | Found a staircase to the Ecumenical Temple.
  2717 | Temple   | Entered the Ecumenical Temple
  2786 | Temple   | Became a worshipper of Trog the Wrathful
  2937 | D:5      | Found an iron altar of Okawaru.
  2939 | D:5      | Reached skill level 5 in Fighting
  3096 | D:5      | Found a runed gate.
  3096 | D:5      | Found a runed gate.
  3096 | D:5      | Found a runed gate.
  3097 | D:5      | Noticed Hebeh's ghost (novice MiFi)
  3227 | D:5      | Reached skill level 5 in Armour
  3227 | D:5      | Reached skill level 5 in Shields
  3230 | D:5      | Killed Hebeh's ghost
  3230 | D:5      | Reached skill level 6 in Axes
  3230 | D:5      | Reached XP level 7. HP: 12/62 MP: 6/6
  3588 | D:6      | Reached XP level 8. HP: 27/70 MP: 7/7
  3597 | D:6      | Reached skill level 7 in Axes
  3895 | D:6      | Reached * piety under Trog
  4053 | D:6      | You fall through a shaft for 3 floors!
  4100 | D:9      | HP: 2/70 [orc warrior/dire flail (9)]
  4101 | D:9      | Mangled by an orc warrior

Vault maps used:
D:1:      dpeg_arrival_renting
D:2:      overflow_temple_1_default, led_sif_pool, kennysheep_generic_room_9
D:4:      serial_bayou_pond_c, minmay_distorted
D:5:      wad_pebble_path, minmay_temple_entry_hall, gammafunk_ghost_necromancy,
          first_ration, okawaru_metal_pillars_1_2
D:6:      ebering_ghost_reflecting_pool, serial_shops, shop,
          minmay_crystal_water, serial_park_tiny_1, wad_floor_pattern_untrapped,
          minivault_23, nicolae_ru_awakened_eye, uniq_sigmund
Temple:   eino_temple_scatter_basement

Skill      XL: |  1  2  3  4  5  6  7  8 |
---------------+-------------------------+-----
Axes           | 3 4 6 7 |  7.6
Fighting       | 4 5 6 |  6.2
Shields        | 4 5 6 |  6.1
Armour         | 4 5 6 |  6.1
Throwing       | 1 3 |  3.8

Action                   |  1- 3 |  4- 6 |  7- 9 || total
-------------------------+-------+-------+-------++-------
Melee: War axe           |   112 |   126 |    71 ||   309
       Headbutt          |    13 |    10 |    10 ||    33
  Use: Scroll            |       |       |     2 ||     2
  Eat: Chunk             |       |     8 |     2 ||    10
Armor: Scale mail        |    30 |       |       ||    30
       Plate armour      |    13 |     4 |       ||    17
       Chain mail        |       |    39 |    20 ||    59
Dodge: Dodged            |    31 |    22 |    14 ||    67
Block: Shield            |    63 |   104 |    55 ||   222
       Reflection        |       |     6 |       ||     6

Table legend:
 A = Spawn XP
 B = Non-spawn XP
 C = Spawn XP percentage of total XP
 D = Spawn monster count
 E = Non-spawn monster count
 F = Spawn count percentage of total count
 G = Total turns spent on level
                    A         B        C        D         E        F      G
               +---------+---------+-------+---------+---------+-------+---------
         Total |       0 |    1967 |   0.0 |       0 |     115 |   0.0 |  4101
               +---------+---------+-------+---------+---------+-------+---------
           D:1 |       0 |      47 |   0.0 |       0 |      29 |   0.0 |   745
           D:2 |       0 |      54 |   0.0 |       0 |      22 |   0.0 |   497
           D:3 |       0 |      66 |   0.0 |       0 |      16 |   0.0 |   635
           D:4 |       0 |     354 |   0.0 |       0 |      19 |   0.0 |   797
           D:5 |       0 |     772 |   0.0 |       0 |      13 |   0.0 |   735
           D:6 |       0 |     433 |   0.0 |       0 |      14 |   0.0 |   557
           D:9 |       0 |     241 |   0.0 |       0 |       2 |   0.0 |    48
               +---------+---------+-------+---------+---------+-------+---------
